 Dungeon Crawl Stone Soup version 0.27-a0-676-gc1da3516c2 (webtiles) character file.

Game seed: 2119419480315476859

47 Dreamer the Skirmisher (level 3, -5/29 HPs)
             Began as a Formicid Abyssal Knight on Mar 18, 2021.
             Was a Believer of Lugonu.
             Slain by an orc priest
             ... wielding a +0 club
              (8 damage)
             ... on level 3 of the Dungeon.
             The game lasted 00:06:50 (2540 turns).

Dreamer the Skirmisher (Formicid Abyssal Knight)    Turns: 2540, Time: 00:06:51

Health: -5/29      AC:  4    Str: 17    XL:     3   Next: 97%
Magic:  5/5        EV: 11    Int: 11    God:    Lugonu [**....]
Gold:   59         SH:  0    Dex: 10    Spells: 2/2 levels left

rFire    . . .     SeeInvis +   a - +1 falchion
rCold    . . .     Faith    .   (no shield)
rNeg     . . .     Spirit   .   b - +0 leather armour
rPois    .         Reflect  .   (helmet unavailable)
rElec    .         Harm     .   (no cloak)
rCorr    .         Rampage  .   l - +0 pair of gloves
Will     .....                  (no boots)
Stlth    +.........             (no amulet)
HPRegen  0.09/turn              (no ring)
MPRegen  0.09/turn              (no ring)

@: no status effects
A: permanent stasis, dig shafts and tunnels, antennae 3, four strong arms
a: Dig, Shaft Self, Renounce Religion, Depart the Abyss, Bend Space


You were on level 3 of the Dungeon.
You worshipped Lugonu.
Lugonu was pleased with you.
You visited 1 branch of the dungeon, and saw 3 of its levels.
You visited the Abyss 1 time.

You collected 59 gold pieces.

Inventory:

Hand Weapons
 a - a +1 falchion (weapon)
 j - a +1 trident of venom
Armour
 b - a +0 leather armour (worn)
 l - a +0 pair of gloves (worn)
Magical Staves
 g - a staff of poison
Scrolls
 d - 5 scrolls of teleportation {unknown}
 f - 2 scrolls of identify {unknown}
 h - a scroll of magic mapping {unknown}
 k - a scroll of summoning {unknown}
 m - a scroll of immolation {unknown}
Potions
 c - a potion of ambrosia {unknown}
 e - a potion of lignification {unknown}
 i - 2 potions of curing {unknown}


   Skills:
 + Level 3.6 Fighting
 + Level 2.4 Long Blades
 + Level 2.7 Armour
 - Level 0.8 Dodging
 + Level 1.6 Stealth
 + Level 1.0 Shields
 + Level 2.7 Invocations


You had 2 spell levels left.
You didn't know any spells.
Your spell library was empty.

Dungeon Overview and Level Annotations

Branches:
Dungeon (3/15)

Altars:


Innate Abilities, Weirdness & Mutations

You cannot be hasted, slowed, berserked, paralysed or teleported.
You can dig through walls and to a lower floor.
You have a pair of large antennae on your head. (SInv)
Your four strong arms can wield two-handed weapons with a shield.


Message History

The leopard gecko closely misses you.
You closely miss the leopard gecko. The leopard gecko misses you.
The leopard gecko bites you.
You barely miss the leopard gecko. The leopard gecko barely misses you.
You riposte.
You slash the leopard gecko!
You kill the leopard gecko!
Lugonu accepts your kill.
d - 5 scrolls labelled WUDERE ENLEUG (gained 1)
You see here a leopard gecko corpse.
You sense a monster nearby.
An orc priest comes into view. It is wielding a +0 club.
The orc priest shouts!
An orc comes into view. It is wielding a +0 dagger.
You see here a leopard gecko corpse.
You hit the orc priest but do no damage.
The orc priest hits you with a +0 club.
You hit the orc priest.
The orc priest is heavily wounded.
The orc priest hits you but does no damage.
You hit the orc priest.
The orc priest is heavily wounded.
The orc priest hits you with a +0 club!
You hit the orc priest but do no damage.
The orc priest is heavily wounded.
The orc priest hits you with a +0 club!
You barely miss the orc priest.
The orc priest is heavily wounded.
The orc priest hits you with a +0 club.
* * * LOW HITPOINT WARNING * * *
You closely miss the orc priest.
The orc priest is heavily wounded.
The orc priest barely misses you. The orc priest hits you with a +0 club.
* * * LOW HITPOINT WARNING * * *
You hit the orc priest but do no damage.
The orc priest is heavily wounded.
The orc priest looks encouraged for a moment.
You hit the orc priest.
The orc priest is severely wounded.
The orc priest hits you with a +0 club!
You die...

#......# #. #.##...#
###..#.##...# #.
....#.##...###### #..
#..#.##.......<# ....
#..#....#.###### .#
#...##.......#.######...#
#.........†.)o....).....#
........#.##.#@##########
...........#.#.#
#.##.#.#..#.#.#
......o....#.#.#
...........#.#.#
#..........#.#..
#.#...###......# # ###.
.....#.# #. ..####.#


You could see an orc priest.

Vanquished Creatures
  An adder (D:2)
  A shadow imp (D:2)
  A leopard gecko (D:3)
  A giant cockroach (D:1)
  5 hobgoblins
  4 kobolds
  A quokka (D:1)
  3 bats (D:2)
  4 frilled lizards
  6 goblins
  2 rats (D:2)
29 creatures vanquished.

Notes
Turn   | Place    | Note
-------+----------+-------------------------------------------
     0 | Abyss:1  | Dreamer the Formicid Abyssal Knight began the quest for the
                  | Orb.
     0 | Abyss:1  | Reached XP level 1. HP: 18/18 MP: 2/2
     4 | D:1      | Escaped the Abyss
   384 | D:1      | Reached XP level 2. HP: 20/24 MP: 3/3
   707 | D:1      | Reached skill level 1 in Stealth
  1046 | D:2      | Reached XP level 3. HP: 15/29 MP: 4/4
  1992 | D:2      | Reached ** piety under Lugonu
  2121 | D:2      | Reached skill level 1 in Shields
  2540 | D:3      | Slain by an orc priest

Illustrated notes

Levels and vault maps discovered:
D:1:      psy_arrival_dodecagon, layout_basic, grunt_decor_one_mirror,
          minmay_pentomino_t2
D:2:      layout_loops_cross, grunt_decor_arrowhead, minivault_25,
          minmay_diced_spiral
D:3:      layout_basic

Skill      XL: |  1  2  3 |
---------------+----------+-----
Stealth        | 1 |  1.6
Shields        | 1 |  1.0
Fighting       | |  3.6
Long Blades    | |  2.4
Armour         | |  2.7
Dodging        | |  0.8
Invocations    | |  2.7

Action                   || total
-------------------------++-------
Melee: Falchion          ||   110
 Abil: Dig               ||     1
 Stab: Sleeping          ||     1
Armor: Leather armour    ||    18
Dodge: Dodged            ||    55
       Rpst.: Falchion   ||    18

Table legend: (Time is in decaauts)
 A = Elapsed time spent in this place.
 B = Non-inter-level travel time spent in this place.
 C = Inter-level travel time spent in this place.
 D = Time resting spent in this place.
 E = Time spent auto-exploring this place.
 F = Levels seen in this place.
 G = Mean time per level.
                   A        B        C        D        E       F      G
               +--------+--------+--------+--------+--------+-----+--------+
         Total |   2559 |   2511 |     48 |    275 |   1887 |   4 |  639.8 |
       Dungeon |   2555 |   2507 |     48 |    275 |   1887 |   3 |  851.7 |
         Abyss |      4 |      4 |      0 |      0 |      0 |   1 |    4.0 |
               +--------+--------+--------+--------+--------+-----+--------+

Top non-repeatable levels by time:
     D:2: 1394 daAuts
     D:1: 941 daAuts
     D:3: 219 daAuts
 Abyss:1: 4 daAuts
